 Dungeon Crawl Stone Soup version 0.30-a0-364-gf6b3ef1049 (webtiles) character file.

Game seed: 7046546014887123934

146626 Elric the Executioner (level 16, -9/158 (162) HPs)
             Began as a Minotaur Fighter on Nov 15, 2022.
             Was the Champion of Okawaru.
             Succumbed to poison (dark miasma)
             ... on level 4 of the Swamp.
             The game lasted 01:10:50 (26018 turns).

Elric the Executioner (Minotaur Fighter)           Turns: 26018, Time: 01:10:51

HP:   -9/158 (162)  AC: 24    Str: 41    XL:     16   Next: 90%
MP:   21/21         EV: 11    Int:  5    God:    Okawaru [******]
Gold: 1206          SH:  0    Dex: 15    Spells: 15/15 levels left

rFire   + + .      SeeInvis .    H - +9 executioner's axe (flame)
rCold   + . .      Faith    .    (shield currently unavailable)
rNeg    . . .      Spirit   .    L - +6 plate armour {rF+}
rPois   +          Reflect  .    (helmet unavailable)
rElec   +          Harm     .    N - +0 cloak
rCorr   .          Rampage  .    K - +2 pair of gloves of Otuabop {Str+6 Dex+4}
Will    +....      Rage     3%   X - +3 pair of boots of Cocytus {rF+ Str+7 Slay+3 Stlth-}
Stlth   ..........               e - amulet of Wifucwe {RegenMP Fragile rElec Regen+ Slay+2}
HPRegen 1.26/turn                h - ring of poison resistance
MPRegen 0.57/turn                c - ring of protection from cold

@: lethally poisoned (-9 -> -51), heroic, slowed, lightly drained, invisible,
very slow
A: horns 3, retaliatory headbutt, hooves 1, berserk 1, deformed body
a: Renounce Religion, Heroism, Finesse, Duel


You were on level 4 of the Swamp.
You worshipped Okawaru.
Okawaru was exalted by your worship.
You visited 5 branches of the dungeon, and saw 27 of its levels.
You visited the Abyss 1 time.
You also visited: Ossuary.

You collected 2226 gold pieces.
You spent 1020 gold pieces at shops.

Inventory:

Hand Weapons
 A - a +0 broad axe of flaming
 H - a +9 executioner's axe of flaming (weapon)
 Q - the +8 broad axe of Zeop {freeze, *Corrode rC+ Str+5 SInv}
   (Okawaru gifted it to you on level 11 of the Dungeon)

   It freezes those it strikes, dealing additional cold damage.
   It can also slow down cold-blooded creatures.
   Str:       It affects your strength (+5).
   rC:        It protects you from cold.
   SInv:      It lets you see invisible.
   *Corrode:  It may corrode you when you take damage.
 R - the +6 executioner's axe "Spider's Funeral" {freeze, rF+}
   (Okawaru gifted it to you on level 2 of the Lair of Beasts)

   It freezes those it strikes, dealing additional cold damage.
   It can also slow down cold-blooded creatures.
   rF:        It protects you from fire.
Armour
 D - a +1 pair of boots of rampaging
 K - the +2 pair of gloves of Otuabop (worn) {Str+6 Dex+4}
   (You found it on level 1 of the Lair of Beasts)

   Str:       It affects your strength (+6).
   Dex:       It affects your dexterity (+4).
 L - a +6 plate armour of fire resistance (worn)
 N - a +0 cloak (worn)
 X - the +3 pair of boots of Cocytus (worn) {rF+ Str+7 Slay+3 Stlth-}
   (Okawaru gifted it to you on level 3 of the Lair of Beasts)

   Str:       It affects your strength (+7).
   Slay:      It affects your accuracy & damage with ranged weapons and melee
   (+3).
   rF:        It protects you from fire.
   Stlth:     It makes you less stealthy.
Jewellery
 b - an amulet of reflection
 c - a ring of protection from cold (right hand)
 e - the amulet of Wifucwe (around neck) {RegenMP Fragile rElec Regen+ Slay+2}
   (You found it on level 7 of the Dungeon)

   [amulet of magic regeneration]

   It increases your rate of magic regeneration.
   Slay:      It affects your accuracy & damage with ranged weapons and melee
   (+2).
   rElec:     It insulates you from electricity.
   Regen:     It increases your rate of health regeneration.
   Fragile:   It will be destroyed if unequipped.
 h - a ring of poison resistance (left hand)
 u - an amulet of the acrobat
 W - a ring of see invisible
 Y - a ring of protection from fire
Wands
 k - a wand of digging (22)
 t - a wand of polymorph (18)
 v - a wand of quicksilver (36)
 y - a wand of flame (77)
 C - a wand of roots (37)
Scrolls
 f - 4 scrolls of immolation
 g - 16 scrolls of identify
 j - 3 scrolls of blinking
 m - 2 scrolls of enchant weapon
 o - 6 scrolls of teleportation
 q - a scroll of summoning
 s - 6 scrolls of amnesia
 x - a scroll of brand weapon {unknown}
 B - a scroll of butterflies
 E - 5 scrolls of fear
 O - a scroll of silence
 S - a scroll of poison
 Z - 4 scrolls of magic mapping
Potions
 d - 10 potions of might
 i - 10 potions of curing
 l - 8 potions of degeneration
 n - 7 potions of brilliance
 r - 3 potions of attraction
 z - 3 potions of ambrosia
 F - 2 potions of haste
 I - a potion of resistance
 J - 3 potions of magic
 M - 7 potions of flight
 P - 4 potions of berserk rage
 U - 2 potions of heal wounds
 V - 6 potions of cancellation
Miscellaneous
 p - a box of beasts
 w - a condenser vane


   Skills:
 + Level 19.7(24.7) Fighting
 + Level 24.5(27) Axes
 - Level 3.6(8.6) Armour
 - Level 3.6(8.6) Shields
 - Level 8.4 Invocations
 * Level 12.4 Evocations


You had 15 spell levels left.
You didn't know any spells.
Your spell library contained the following spells:

 Spells                   Type           Power      Damage    Failure   Level
 Magic Dart               Conj           0%         1d3       94%         1
 Necrotise                Necr           0%         1d4       94%         1
 Sandblast                Erth           0%         2d4       94%         1
 Slow                     Hex            0%         N/A       94%         1
 Searing Ray              Conj           0%         2d4       98%         2
 Sublimation of Blood     Necr           0%         N/A       98%         2
 Confusing Touch          Hex            0%         N/A       100%        3
 Kindle Blastsparks       Fire/Tloc/Air  0%         2d10      100%        3
 Ozocubu's Armour         Ice            0%         N/A       100%        3
 Vampiric Draining        Necr           0%         2d6       100%        3
 Cause Fear               Hex            0%         N/A       100%        4
 Fulminant Prism          Conj/Hex       0%         3d5       100%        4
 Passage of Golubria      Tloc           0%         N/A       100%        4
 Petrify                  Tmut/Erth      0%         N/A       100%        4
 Agony                    Necr           0%         N/A       100%        5
 Irradiate                Conj/Tmut      0%         3d11      100%        5
 Iskenderun's Battlesphe  Conj           0%         2d6       100%        5
 Yara's Violent Unravell  Hex/Tmut       0%         3d3       100%        5
 Iron Shot                Conj/Erth      0%         9d1       100%        6
 Statue Form              Tmut/Erth      0%         N/A       100%        6
 Dragon Form              Tmut           0%         N/A       100%        7
 Orb of Destruction       Conj           0%         9d5       100%        7
 Ozocubu's Refrigeration  Ice            0%         4d7       100%        7
 Summon Guardian Golem    Hex/Summ       Unusable   N/A       N/A         3
 Tukima's Dance           Hex            Unusable   N/A       N/A         3
 Spellforged Servitor     Conj/Summ      Unusable   N/A       N/A         7
 Dragon's Call            Summ           Unusable   N/A       N/A         9

Dungeon Overview and Level Annotations

Branches:
Dungeon (15/15)            Temple (0/1) D:6            Lair (5/5) D:10
  Swamp (4/4) Lair:2       Spider (0/4) Lair:2        Slime (0/5) Lair:5
    Orc (2/2) D:9             Elf (0/3) Orc:2        Vaults (0/5) D:13
 Depths (1/4) D:15        Ossuary (visited)

Altars:
Fedhas
Kikubaaqudgha
Makhleb
Nemelex Xobeh
Okawaru
Ru
Uskayaw
Xom
The Shining One
Jiyva

Shops:
D:8 =   D:14 (   Orc:1 *   Orc:2 [*[?=

Annotations:
Lair:2 1 runed translucent door, Essalna's ghost, journeyman TeAE
Lair:5 1 runed translucent door


Innate Abilities, Weirdness & Mutations

You have a pair of large horns on your head.
You reflexively headbutt those who attack you in melee.
You have large cloven feet.
You sometimes lose your temper in combat.
Armour fits poorly on your strangely shaped body.


Message History

The spectral swamp dragon claws you but does no damage.
The spectral swamp dragon closely misses you.
The spectral swamp drake bites you but does no damage.
You're too confused to move!
You are engulfed in dark miasma.
* * * LOW HITPOINT WARNING * * *
You feel less invigorated.
You feel less confused.
The ghost crab breathes spectral mist at you.
The spectral mist engulfs the spectral swamp drake but does no damage.
The spectral swamp dragon bites you but does no damage.
The spectral swamp dragon claws you but does no damage.
The spectral swamp dragon tramples you but does no damage.
The spectral swamp drake bites you but does no damage.
As you read the scroll of teleportation, it crumbles to dust.
You feel strangely unstable.
You are engulfed in dark miasma.
You are poisoned.
You feel yourself slow down.
* * * LOW HITPOINT WARNING * * *
You feel very sick.
The ghost crab breathes spectral mist at you.
The spectral mist engulfs the spectral swamp drake but does no damage.
The spectral swamp dragon barely misses you.
The spectral swamp dragon claws you but does no damage.
The spectral swamp dragon barely misses you.
The spectral swamp drake closely misses you.
You feel much better.
You are engulfed in dark miasma.
You are more poisoned.
* * * LOW HITPOINT WARNING * * *
x2 You feel extremely sick.
The ghost crab breathes spectral mist at you.
The spectral mist engulfs the spectral swamp drake but does no damage.
The spectral swamp dragon bites you but does no damage.
The spectral swamp dragon claws you but does no damage.
The spectral swamp dragon closely misses you.
The spectral swamp drake closely misses you.
You fade into invisibility!
You are more poisoned.
* * * LOW HITPOINT WARNING * * *
Your surroundings suddenly seem different.
You die...

♣♣♣.~~~~.~.~~~~~.♣..~♣~~♣♣.~~~~♣♣
♣♣~§~.♣♣♣.~♣....~~.~~♣♣♣.~~~~.♣
♣~~~.~♣ ♣♣~~..~~~~§.♣♣ ♣~~~...♣
♣...~♣♣ ♣~..~§~~~~.♣ ♣♣~~~~♣♣♣
♣♣♣♣♣♣ ♣~~.~.♣.<.♣♣ ♣...♣♣♣
♣♣♣♣♣♣♣~~~♣§~♣~♣♣ ♣~~~~♣♣ ♣♣♣
♣♣.~~.♣♣†§.♣♣...♣♣ ♣~~~~.♣
~~♣♣♣..~~.~.~~♣♣♣~~..♣♣ ♣.~~~.♣♣
~~~~~~~~~♣♣.~~♣♣@[...~♣♣♣.~~~~~♣♣
~~.~~~~~~♣♣....~§~~~~..~~~.~~§~~♣
♣~~~~~~..~♣~...~~~~~~...~~.~~~~.♣
♣♣.~~~~~~.♣♣♣~~.~~~.~...~..~~~..~
♣♣.§~~.~.♣♣.♣♣♣~.~♣♣♣..♣.....♣..
♣♣♣:.~...§.~.~~~.♣.~~..~~~~~.:.
♣♣♣♣........♣.~~~.§♣~~.~~~~~~..~
♣♣......÷.~.÷......~♣....~~~§.~~~
....≈≈...~.~~♣......♣♣~......~~~~


There were no monsters in sight!

Vanquished Creatures
  A bone dragon (Abyss:1)
  Rupert (D:12)
  A tentacled starspawn (Abyss:1)
  Kirke (D:13)
  A thorn hunter (Swamp:2)
  Louise (D:15)
  Nessos (D:13)
  2 green draconians (Swamp:2)
  10 eleionomae
  Azrael (D:15)
  2 bunyips (Swamp:4)
  Snorg (D:12)
  Josephine (D:10)
  3 shambling mangroves
  Fannar (Lair:1)
  4 ghost crabs
  17 hydras
  7 boulder beetles
  A merfolk avatar (Lair:5)
  3 tengu warriors
  A two-headed ogre (D:12)
  7 centaur warriors
  8 alligators
  6 death yaks (Lair:3)
  15 spriggans
  Sonja (Lair:1)
  A wretched star (Abyss:1)
  5 goliath frogs
  3 skeletal warriors (D:13)
  A death drake (Swamp:4)
  Pikel (D:5)
  8 swamp dragons
  A sea snake (Lair:5)
  4 spriggan druids
  9 bog bodies
  A phantasmal warrior (Swamp:4)
  A necromancer (D:15)
  2 wizards (D:15)
  2 spectral hydras (Swamp:4)
  An orc knight (D:15)
  2 deep elf pyromancers
  A harpy (Lair:5)
  3 cyclopes
  7 ugly things
  2 slime creatures (D:14)
  10 orc sorcerers
  4 manticores
  A worldbinder (Abyss:1)
  6 will-o-the-wisps
  5 elephants (Lair:5)
  6 black mambas
  Maurice (D:10)
  A naga mage (D:15)
  Maggie (Lair:1)
  13 cane toads
  2 centaur skeletons (D:15)
  17 komodo dragons
  4 rime drakes
  3 swamp worm zombies (Swamp:4)
  A komodo dragon (shapeshifter) (D:13)
  3 tengu conjurers (D:15)
  2 freezing wraiths
  6 trolls
  A meliai (shapeshifter) (D:13)
  A queen bee (shapeshifter) (D:15)
  2 hydra zombies (Swamp:4)
  A bloated husk (Swamp:4)
  2 polar bears
  17 hornets
  A blink frog (shapeshifter) (D:13)
  6 tyrant leeches
  2 wind drakes (Lair:5)
  A wolf spider simulacrum (D:14)
  24 blink frogs
  2 centaur simulacra (D:15)
  2 spectral swamp dragons (Swamp:4)
  6 alligator zombies (Swamp:4)
  Sigmund (D:5)
  2 culicivoras (Lair:2)
  24 yaks
  3 vampires
  2 ynoxinuls (Abyss:1)
  10 wraiths
  A shadow (Abyss:1)
  A water elemental (D:15)
  6 wyverns
  3 basilisks
  3 steam dragons
  2 large abominations (Abyss:1)
  2 humans (D:13)
  Eustachio (D:5)
  4 hogs (D:13)
  11 vampire mosquitoes
  A fire elemental (D:15)
  Menkaure (D:5)
  13 swamp worms
  6 wargs
  16 water moccasins
  4 hell hounds (D:15)
  An acid dragon (D:10)
  Duvessa (D:5)
  2 sky beasts
  3 ice beasts
  15 orc warriors
  A meliai simulacrum (D:15)
  4 swamp drakes
  4 swamp dragon zombies (Swamp:4)
  5 black bears
  4 ogres
  A lemure (D:5)
  9 centaurs
  2 phantoms
  2 small abominations (Abyss:1)
  12 bullfrogs
  2 gnoll sergeants (D:8)
  3 scorpions
  Dowan (D:5)
  3 wights (D:8)
  5 howler monkeys
  An electric eel (Lair:5)
  4 crimson imps (D:11)
  4 starcursed masses (Abyss:1)
  2 hounds
  8 orc priests
  A gnoll bouda (D:8)
  Jessica (D:3)
  Ijyb (D:3)
  2 iguanas (D:4)
  41 orc wizards
  A mummy (Ossuary)
  Robin (D:4)
  13 gnolls
  15 adders
  3 shadow imps
  An ufetubus (D:4)
  4 worms
  A dart slug (D:3)
  100 orcs
  7 bats
  9 endoplasms
  9 giant cockroaches
  17 goblins
  5 hobgoblins
  5 jackals
  3 quokkas
  2 ball pythons
  2 frilled lizards (D:1)
  6 gnoll skeletons (Ossuary)
  2 kobolds
  6 kobold skeletons (Ossuary)
  13 orc skeletons (Ossuary)
  5 rats
  A butterfly (Lair:3)
  A starspawn tentacle (Abyss:1)
801 creatures vanquished.

Vanquished Creatures (others)
  A spectral hydra (Swamp:4)
  A swamp dragon (Swamp:4)
  2 bloated husks (Swamp:4)
  5 dream sheep (D:5)
  A phantom (Swamp:4)
  An orc wizard (Orc:2)
  A swamp drake zombie (Swamp:4)
  8 foxfires
  43 fungi
  69 plants
  14 starspawn tentacles (Abyss:1)
146 creatures vanquished.

Grand Total: 947 creatures vanquished

Notes
Turn   | Place    | Note
-------+----------+-------------------------------------------
     0 | D:1      | Elric the Minotaur Fighter began the quest for the Orb.
     0 | D:1      | Reached XP level 1. HP: 19/19 MP: 0/0
    29 | D:1      | Reached skill level 3 in Axes
    39 | D:1      | Reached XP level 2. HP: 21/27 MP: 1/1
   248 | D:1      | Reached skill level 4 in Axes
   248 | D:1      | Reached XP level 3. HP: 26/33 MP: 2/2
   574 | D:2      | Reached XP level 4. HP: 33/41 MP: 3/3
   804 | D:2      | Reached skill level 5 in Axes
  1083 | D:3      | Found a faded altar of an unknown god.
  1149 | D:3      | Found an iron altar of Okawaru.
  1186 | D:3      | Noticed Jessica
  1195 | D:3      | Became a worshipper of Warmaster Okawaru
  1196 | D:3      | Killed Jessica
  1197 | D:3      | Reached XP level 5. HP: 47/47 MP: 4/4
  1387 | D:3      | Noticed Ijyb
  1398 | D:3      | Killed Ijyb
  1457 | D:3      | Found a sparkling altar of Nemelex Xobeh.
  1458 | D:3      | Found a hide-covered altar of Uskayaw.
  1462 | D:3      | Reached skill level 5 in Fighting
  1619 | D:3      | Reached skill level 6 in Axes
  1729 | D:4      | Noticed Robin
  1735 | D:4      | Noticed a phantom
  1748 | D:4      | Killed Robin
  1753 | D:4      | Killed a phantom
  1754 | D:4      | Reached XP level 6. HP: 36/56 MP: 5/5
  1960 | D:4      | Reached * piety under Okawaru
  1961 | D:4      | Reached skill level 7 in Axes
  2376 | D:4      | Reached XP level 7. HP: 63/63 MP: 6/6
  2514 | D:5      | Entered Level 5 of the Dungeon
  2521 | D:5      | Noticed Dowan
  2524 | D:5      | Noticed Duvessa
  2526 | D:5      | Noticed Eustachio
  2531 | D:5      | Killed Dowan
  2532 | D:5      | Reached skill level 8 in Axes
  2534 | D:5      | Killed Duvessa
  2535 | D:5      | Noticed Pikel
  2540 | D:5      | Killed Eustachio
  2543 | D:5      | Killed Pikel
  2543 | D:5      | Reached ** piety under Okawaru
  2544 | D:5      | Reached skill level 10 in Axes
  2544 | D:5      | Reached XP level 8. HP: 53/74 MP: 5/7
  3093 | D:5      | Noticed a dream sheep
  3093 | D:5      | Noticed a dream sheep
  3093 | D:5      | Noticed a dream sheep
  3093 | D:5      | Noticed a dream sheep
  3093 | D:5      | Noticed a dream sheep
  3093 | D:5      | Found a shimmering altar of Xom.
  3097 | D:5      | Killed a dream sheep
  3097 | D:5      | Killed a dream sheep
  3097 | D:5      | Killed a dream sheep
  3097 | D:5      | Killed a dream sheep
  3099 | D:5      | Killed a dream sheep
  3154 | D:5      | Noticed Menkaure
  3171 | D:5      | Killed Menkaure
  3172 | D:5      | Reached skill level 11 in Axes
  3383 | D:5      | Reached *** piety under Okawaru
  3593 | D:5      | Noticed Sigmund
  3601 | D:5      | Killed Sigmund
  3814 | D:6      | Reached XP level 9. HP: 78/82 MP: 8/8
  3845 | D:6      | Found a blossoming altar of Fedhas.
  4323 | D:6      | Reached skill level 12 in Axes
  4587 | D:6      | Found a runed translucent door.
  4666 | D:6      | Found a staircase to the Ecumenical Temple.
  4791 | D:6      | Gained mutation: You have a pair of large horns on your
                  | head. [potion of mutation]
  4791 | D:6      | Gained mutation: You possess an exceptional clarity of
                  | mind. [potion of mutation]
  5017 | D:7      | Identified the amulet of Wifucwe {RegenMP Fragile rElec
                  | Regen+ Slay+2}
  5229 | D:7      | Found a sacrificial altar of Ru.
  5293 | D:7      | Reached skill level 13 in Axes
  5585 | D:8      | You fall into a shaft and drop 1 floor!
  5694 | D:9      | Noticed a troll
  5705 | D:9      | Killed a troll
  5705 | D:9      | Reached **** piety under Okawaru
  5706 | D:9      | Reached skill level 10 in Fighting
  5952 | D:8      | Lost mutation: You possess an exceptional clarity of mind.
                  | [potion of mutation]
  5952 | D:8      | Lost mutation: You have a pair of large horns on your head.
                  | [potion of mutation]
  5952 | D:8      | Gained mutation: Your muscles are strong. (Str +4, Int/Dex
                  | -1) [potion of mutation]
  5968 | D:8      | Found a glowing golden altar of the Shining One.
  5978 | D:8      | Found an ancient bone altar of Kikubaaqudgha.
  6031 | D:8      | Reached skill level 14 in Axes
  6063 | D:8      | Reached XP level 10. HP: 59/89 MP: 9/9
  6120 | D:8      | Found a sand-covered staircase.
  6150 | Ossuary  | Entered an ossuary
  6617 | D:8      | Found Lyxurr's Jewellery Emporium.
  7038 | D:9      | Reached skill level 15 in Axes
  7042 | D:9      | Reached ***** piety under Okawaru
  7082 | D:9      | Found a staircase to the Orcish Mines.
  7389 | D:10     | Entered Level 10 of the Dungeon
  7435 | D:10     | Noticed Maurice
  7453 | D:10     | Killed Maurice
  7491 | D:10     | Noticed Josephine
  7512 | D:10     | Killed Josephine
  7512 | D:10     | Received a gift from Okawaru
  7513 | D:10     | Reached skill level 16 in Axes
  7518 | D:10     | Reached XP level 11. HP: 91/104 MP: 10/10
  7536 | D:10     | Found a staircase to the Lair.
  8168 | D:11     | Noticed a boulder beetle
  8182 | D:11     | Killed a boulder beetle
  8182 | D:11     | Identified the +8 broad axe of Zeop {freeze, *Corrode rC+
                  | Str+5 SInv} (Okawaru gifted it to you on level 11 of the
                  | Dungeon)
  8182 | D:11     | Received a gift from Okawaru
  8250 | D:11     | Reached skill level 17 in Axes
  8344 | D:11     | Noticed a boulder beetle
  8350 | D:11     | Killed a boulder beetle
  8509 | D:11     | Noticed a boulder beetle
  8517 | D:11     | Killed a boulder beetle
  8788 | D:11     | Found a shimmering altar of Xom.
  9516 | D:12     | Noticed a two-headed ogre
  9522 | D:12     | Killed a two-headed ogre
  9541 | D:12     | Noticed Snorg
  9557 | D:12     | Killed Snorg
  9557 | D:12     | Reached ****** piety under Okawaru
  9557 | D:12     | Identified the +0 ring mail of Fanaticism {Rampage rF-
                  | rCorr Int+3} (Okawaru gifted it to you on level 12 of the
                  | Dungeon)
  9557 | D:12     | Received a gift from Okawaru
  9558 | D:12     | Reached skill level 18 in Axes
  9558 | D:12     | Reached skill level 1 in Invocations
  9647 | D:12     | Lost mutation: Your muscles are strong. (Str +4, Int/Dex
                  | -1) [potion of mutation]
  9647 | D:12     | Gained mutation: Armour fits poorly on your strangely
                  | shaped body. [potion of mutation]
  9829 | D:12     | Noticed a deep elf pyromancer
  9840 | D:12     | Killed a deep elf pyromancer
  9914 | D:12     | Noticed Rupert
  9929 | D:12     | Paralysed by Rupert for 3 turns
  9934 | D:12     | Killed Rupert
  9935 | D:12     | Reached XP level 12. HP: 52/116 MP: 9/13
 10352 | Lair:1   | Entered Level 1 of the Lair of Beasts
 10596 | Lair:1   | Noticed Fannar
 10612 | Lair:1   | Killed Fannar
 10689 | Lair:1   | Identified the +2 pair of gloves of Otuabop {Str+6 Dex+4}
 10727 | Lair:1   | Noticed Sonja
 10735 | Abyss:1  | Cast into level 1 of the Abyss (Sonja)
 10761 | Abyss:1  | Noticed a starcursed mass
 10777 | Abyss:1  | Gained mutation: Your magical capacity is low. (-10% MP) [a
                  | shining eye]
 10793 | Abyss:1  | Noticed a tentacled starspawn
 10815 | Abyss:1  | Killed a tentacled starspawn
 10815 | Abyss:1  | Received a gift from Okawaru
 10816 | Abyss:1  | Reached skill level 5 in Invocations
 10825 | Abyss:1  | HP: 4/117 [starcursed mass/accursed screaming (9)]
 10832 | Abyss:1  | Noticed a white very ugly thing
 11050 | Abyss:1  | Noticed a blizzard demon
 11051 | Abyss:1  | Noticed a tentacled starspawn
 11105 | Abyss:1  | Reached skill level 19 in Axes
 11113 | Abyss:1  | Noticed a bone dragon
 11129 | Abyss:1  | Killed a bone dragon
 11183 | Abyss:1  | Noticed a tentacled starspawn
 11197 | Abyss:1  | Noticed a starcursed mass
 11523 | Abyss:1  | Noticed a dread lich
 11527 | Abyss:1  | Noticed a dread lich
 11542 | Abyss:1  | Paralysed by a dread lich for 3 turns
 11544 | Abyss:1  | Noticed a balrug
 11546 | Lair:1   | Escaped the Abyss
 11552 | Lair:1   | Killed Sonja
 11622 | Lair:1   | Noticed Maggie
 11626 | Lair:1   | Killed Maggie
 12073 | Lair:2   | Found a runed translucent door.
 12075 | Lair:2   | Noticed Essalna's ghost (journeyman TeAE)
 12076 | Lair:2   | Noticed a catoblepas
 12114 | Lair:2   | Identified the +6 executioner's axe "Spider's Funeral"
                  | {freeze, rF+} (Okawaru gifted it to you on level 2 of the
                  | Lair of Beasts)
 12114 | Lair:2   | Received a gift from Okawaru
 12164 | Lair:2   | Found a staircase to the Swamp.
 12201 | Lair:2   | Noticed a boulder beetle
 12205 | Lair:2   | Killed a boulder beetle
 12207 | Lair:2   | Reached XP level 13. HP: 116/125 MP: 15/15
 12482 | Lair:2   | Reached skill level 20 in Axes
 12517 | Lair:2   | Received a gift from Okawaru
 12609 | Lair:2   | Reached skill level 15 in Fighting
 12706 | Lair:2   | Found a hole to the Spider Nest.
 13098 | Lair:3   | Found a gate leading to a gauntlet.
 13299 | Lair:3   | Identified the +3 pair of boots of Cocytus {rF+ Str+7
                  | Slay+3 Stlth-} (Okawaru gifted it to you on level 3 of the
                  | Lair of Beasts)
 13299 | Lair:3   | Received a gift from Okawaru
 13312 | Lair:3   | Reached skill level 21 in Axes
 13415 | Lair:3   | Found the +6 Majin-Bo {vamp, MP+6 Int+6}
 13831 | Lair:4   | Identified the +8 scale mail of Watchfulness {Contam Str+3
                  | Int+4}
 13871 | Lair:4   | Found a burning altar of Makhleb.
 14543 | Lair:5   | Entered Level 5 of the Lair of Beasts
 14636 | Lair:5   | Reached XP level 14. HP: 96/137 MP: 17/17
 14877 | Lair:5   | Reached skill level 22 in Axes
 14907 | Lair:5   | Paralysed by a hornet for 2 turns
 15124 | Lair:5   | Identified the +7 lajatang "Ekhlial" {pain, rElec rPois rF+
                  | Dex+6} (Okawaru gifted it to you on level 5 of the Lair of
                  | Beasts)
 15124 | Lair:5   | Received a gift from Okawaru
 15206 | Lair:5   | Found a runed translucent door.
 15207 | Lair:5   | Found a viscous altar of Jiyva.
 15207 | Lair:5   | Found a staircase to the Slime Pits.
 15207 | Lair:5   | Noticed an acid blob
 15207 | Lair:5   | Noticed an acid blob
 15437 | Lair:5   | Identified the +0 ring mail "Weuklirpha" {rF- Will++ Int+2}
 15466 | Lair:5   | Reached skill level 1 in Evocations
 15547 | Lair:5   | Identified the +5 trident of Spring {vorpal, Int+3}
 15735 | Lair:5   | Lost mutation: Armour fits poorly on your strangely shaped
                  | body. [potion of mutation]
 15735 | Lair:5   | Lost mutation: Your magical capacity is low. (-10% MP)
                  | [potion of mutation]
 15735 | Lair:5   | Gained mutation: You are vulnerable to cold. (rC-) [potion
                  | of mutation]
 15735 | Lair:5   | Gained mutation: Armour fits poorly on your strangely
                  | shaped body. [potion of mutation]
 15735 | Lair:5   | Gained mutation: Your magical capacity is low. (-10% MP)
                  | [potion of mutation]
 15736 | Lair:5   | Lost mutation: You are vulnerable to cold. (rC-) [potion of
                  | mutation]
 15736 | Lair:5   | Lost mutation: Your magical capacity is low. (-10% MP)
                  | [potion of mutation]
 15736 | Lair:5   | Gained mutation: You sometimes lose your temper in combat.
                  | [potion of mutation]
 15736 | Lair:5   | Gained mutation: You have large cloven feet. [potion of
                  | mutation]
 15736 | Lair:5   | Gained mutation: You have a pair of large horns on your
                  | head. [potion of mutation]
 16524 | D:13     | Noticed Kirke
 16535 | D:13     | Killed Kirke
 16638 | D:13     | Got Baxytt's Vellum of Flamy Geology
 16762 | D:13     | Identified the +1 pair of boots of the Slug {Regen+}
                  | (Okawaru gifted it to you on level 13 of the Dungeon)
 16762 | D:13     | Received a gift from Okawaru
 16850 | D:13     | Noticed Nessos
 16861 | D:13     | Killed Nessos
 16993 | D:13     | Found a gate to the Vaults.
 17242 | D:13     | Reached skill level 5 in Evocations
 18755 | D:14     | Found Sigeafim's Weapon Shop.
 18886 | D:15     | Entered Level 15 of the Dungeon
 18990 | D:15     | Reached XP level 15. HP: 147/147 MP: 20/20
 19029 | D:15     | Received a gift from Okawaru
 19104 | D:15     | Reached skill level 23 in Axes
 19404 | D:15     | Noticed Louise
 19411 | D:15     | Killed Louise
 19662 | D:15     | Identified the +11 battleaxe of Intuition {freeze, rPois}
                  | (Okawaru gifted it to you on level 15 of the Dungeon)
 19662 | D:15     | Received a gift from Okawaru
 19690 | D:15     | Found a staircase to the Depths.
 19770 | D:15     | Noticed Azrael
 19779 | D:15     | Killed Azrael
 20140 | Orc:1    | Entered Level 1 of the Orcish Mines
 20160 | Orc:1    | Found Dofivoh's Assorted Antiques.
 20205 | Orc:1    | Paralysed by an orc sorcerer for 4 turns
 20453 | Orc:2    | Entered Level 2 of the Orcish Mines
 20904 | Orc:2    | Found Ikhlin's Armour Emporium.
 20912 | Orc:2    | Bought a +0 plate armour of fire resistance for 360 gold
                  | pieces
 21081 | Orc:2    | Found Mius's Assorted Antiques.
 21081 | Orc:2    | Found Cebykher's Armour Shop.
 21260 | Orc:2    | Found a staircase to the Elven Halls.
 21307 | Orc:2    | Found Feiriod's Magic Scroll Shop.
 21307 | Orc:2    | Found Imirro's Jewellery Shoppe.
 21318 | Orc:2    | Bought a scroll of enchant armour for 105 gold pieces
 21318 | Orc:2    | Bought a scroll of enchant armour for 105 gold pieces
 21329 | Orc:2    | Bought a ring of protection from cold for 450 gold pieces
 21597 | Depths:1 | Entered Level 1 of the Depths
 21783 | Swamp:1  | Entered Level 1 of the Swamp
 22004 | Swamp:1  | Received a gift from Okawaru
 22636 | Swamp:1  | Received a gift from Okawaru
 23161 | Swamp:2  | Reached skill level 10 in Evocations
 23243 | Swamp:2  | Reached XP level 16. HP: 74/159 MP: 19/21
 23375 | Swamp:2  | Noticed a thorn hunter
 23381 | Swamp:2  | Killed a thorn hunter
 23381 | Swamp:2  | Received a gift from Okawaru
 23651 | Swamp:2  | Identified the +2 sling of the Blind Eye {freeze, *Corrode
                  | Fragile Str+3 Int+5}
 23702 | Swamp:2  | Identified the +0 leather armour "Foosiuro" {*Slow rF+
                  | Slay+3}
 24157 | Swamp:3  | Reached skill level 24 in Axes
 24245 | Swamp:2  | Identified the +4 ring mail "Viadujem" {rPois rN+ Dex+2}
                  | (Okawaru gifted it to you on level 2 of the Swamp)
 24245 | Swamp:2  | Received a gift from Okawaru
 24530 | Swamp:3  | Identified the +11 mace of the Piercing Goat {vamp, rN+
                  | Str+5}
 25079 | Swamp:4  | Entered Level 4 of the Swamp
 25993 | Swamp:4  | Received a gift from Okawaru
 26018 | Swamp:4  | HP: 6/158 [something (9)]
 26018 | Swamp:4  | Succumbed to poison (dark miasma)

Illustrated notes

Levels and vault maps discovered:
D:1:      dpeg_arrival_water_temple_mockup, layout_rooms,
          minmay_misc_feat_columns, minmay_tree_intersection
D:2:      layout_basic
D:3:      layout_basic, nicolae_overflow_squiral, okawaru_trees_2,
          ebering_ecumenical_altar_hall, kennysheep_generic_room_7, uniq_ijyb,
          uniq_jessica
D:4:      kb_forest_paths, layout_basic, uniq_robin
D:5:      layout_loops_cross, kb_xom_exploding_sheep, uniq_menkaure, uniq_pikel,
          uniq_duvessa, uniq_eustachio, uniq_sigmund
D:6:      layout_loops_corners, mainiacjoe_overflow_small_starburst,
          minmay_temple_entry_enclosed_plants, lightli_church_of_beogh
D:7:      layout_loops_ring, mainiacjoe_overflow_catch_the_wave,
          nicolae_shop_clearance
D:8:      layout_basic, amethyst_overflow_temple_binary,
          nicolae_ossuary_entry_monument, serial_shops, kennysheep_mini_moat,
          minivault_19
D:9:      layout_irregular_city, minmay_orc_entry_temple_small, serial_glass,
          glass_columns_b, glass_columns_b
D:10:     layout_loops_cross, due_lair_maze_entry_diamond, uniq_josephine,
          uniq_maurice
D:11:     layout_long_grid, roderic_cross_of_infinity, led_xom_imps
D:12:     layout_loops_cross, uniq_rupert, uniq_snorg
D:13:     layout_basic, david_vaults_4, minmay_checkerbox, uniq_kirke,
          uniq_nessos
D:14:     layout_basic, serial_glass, glass_columns_b, glass_columns_c,
          feat_on_display, item_on_display_a, interstate_on_off, serial_shops,
          shop
D:15:     grunt_enter_depths_magical_seal, layout_loops_corners,
          hellmonk_bongcloud_opening, portal_ice_cave_entry_pillars_2,
          amcnicky_mini_pool_medium, uniq_louise, uniq_azrael
Lair:1:   layout_concentric_octagons, uniq_maggie, uniq_fannar, uniq_sonja
Lair:2:   layout_regular_city, skrybe_swamp_entry_bodies,
          hellmonk_spider_entry_life_and_decay, ebering_ghost_inner_flame,
          infiniplex_staircase_pool_2
Lair:3:   layout_gridlike, gauntlet_entry_generic, st_stairs_5,
          lemuel_fruit_fields, lemuel_fruit_fields
Lair:4:   layout_long_grid, basic_altar
Lair:5:   gammafunk_lair_ancient_temple, layout_hall_layers, slime_entry_2,
          serial_bayou_shore_a
Swamp:1:  layout_basic_swamp, serial_swamp_ruin, evilmike_swamp_ruin_house_5,
          evilmike_swamp_ruin_house_4, swamp_pool4, nzn_swamp_dancing_lights
Swamp:2:  layout_falls_marsh, evilmike_swamp_ruin_rubble_1, hangedman_swamp_dais
Swamp:3:  layout_basic_swamp, hangedman_swamp_ruin_wall,
          infiniplex_staircase_pool
Swamp:4:  swamp_pestilence, layout_basic_swamp
Orc:1:    layout_diamond_mine, basic_altar, serial_shops,
          nicolae_shop_temple_entry_statues_fountains, rock_pile
Orc:2:    st_orc_town, layout_caves, serial_shops, nicolae_shop_stone
Depths:1: layout_honeycomb, enter_ziggurat_a, lemuel_tele_altar, serial_shops,
          nicolae_shop_temple_entry_statues_fountains, hell_entry,
          hangedman_decor_slide_cut, moated_statue,
          chequers_serial_rivers_room_b, st_stairs_9,
          nicolae_qazlal_eye_of_the_storm, uniq_nikola

Skill      XL: |  1  2  3  4  5  6  7  8  9 10 11 12 13 14 15 16 |
---------------+-------------------------------------------------+-----
Axes           | 3 4 5 6 7 10 11 14 16 18 19 21 22 23 24 | 24.5
Fighting       | 4 5 6 7 8 10 12 13 14 16 17 18 19 | 19.7
Invocations    | 3 7 8 |  8.4
Evocations     | 6 10 12 | 12.4
Armour         | |  3.6
Shields        | |  3.6

Action                   |  1- 3 |  4- 6 |  7- 9 | 10-12 | 13-15 | 16-18 || total
-------------------------+-------+-------+-------+-------+-------+-------++-------
Melee: War axe           |    64 |   109 |   203 |       |       |       ||   376
       Headbutt          |     5 |    14 |    43 |    44 |   114 |    35 ||   255
       Battleaxe         |       |       |     1 |   175 |       |       ||   176
       Broad axe         |       |       |       |   144 |    35 |       ||   179
       Executioner's axe |       |       |       |     7 |   562 |   207 ||   776
Invok: Heroism           |       |       |     8 |     9 |    11 |     8 ||    36
       Finesse           |       |       |       |     5 |     3 |     1 ||     9
Evoke: Condenser vane    |       |       |       |       |     1 |       ||     1
  Use: Potion            |       |       |    11 |    11 |     3 |     5 ||    30
       Scroll            |       |       |    10 |     9 |    19 |     3 ||    41
Armor: Scale mail        |    49 |    24 |       |       |       |       ||    73
       Ring mail         |       |    32 |    49 |       |       |       ||    81
       Chain mail        |       |       |    15 |   116 |   272 |       ||   403
       Plate armour      |       |       |       |       |    68 |   204 ||   272
Dodge: Dodged            |    40 |    56 |    79 |   108 |   217 |   109 ||   609
Block: Buckler           |    18 |    23 |    32 |     2 |       |       ||    75
       Kite shield       |       |       |       |    65 |       |       ||    65

Table legend: (Time is in decaauts)
 A = Elapsed time spent in this place.
 B = Non-inter-level travel time spent in this place.
 C = Inter-level travel time spent in this place.
 D = Time resting spent in this place.
 E = Time spent auto-exploring this place.
 F = Levels seen in this place.
 G = Mean time per level.
                   A        B        C        D        E       F      G
               +--------+--------+--------+--------+--------+-----+--------+
         Total |  26271 |  23346 |   2925 |   3103 |  16060 |  29 |  905.9 |
       Dungeon |  14655 |  12545 |   2110 |    963 |   9656 |  15 |  977.0 |
          Lair |   5079 |   4548 |    531 |    331 |   3468 |   5 | 1015.8 |
         Swamp |   4209 |   4032 |    177 |   1392 |   1983 |   4 | 1052.2 |
  Orcish Mines |   1373 |   1268 |    105 |    336 |    689 |   2 |  686.5 |
        Depths |      1 |      1 |      0 |      0 |      0 |   1 |    1.0 |
         Abyss |    773 |    773 |      0 |     81 |    151 |   1 |  773.0 |
       Ossuary |    178 |    178 |      0 |      0 |    111 |   1 |  178.0 |
               +--------+--------+--------+--------+--------+-----+--------+

Top non-repeatable levels by time:
  Lair:5: 1424 daAuts
     D:6: 1418 daAuts
    D:11: 1403 daAuts
 Swamp:2: 1384 daAuts
     D:5: 1307 daAuts
    D:15: 1222 daAuts
 Swamp:3: 1218 daAuts
    D:14: 1164 daAuts
  Lair:2: 1095 daAuts
     D:8: 1033 daAuts
    D:13: 1005 daAuts
 Swamp:1: 963 daAuts
    D:12: 956 daAuts
    D:10: 937 daAuts
  Lair:1: 935 daAuts
